 Dungeon Crawl Stone Soup version 0.19.1-1-g22dce08 (webtiles) character file.

17 ponk the Skirmisher (level 2, -2/24 HPs)
             Began as a Demonspawn Abyssal Knight on Jan 19, 2017.
             Was a Follower of Lugonu.
             Slain by an adder (5 damage)
             ... on level 2 of the Dungeon.
             The game lasted 00:02:21 (838 turns).

ponk the Skirmisher (Demonspawn Abyssal Knight)      Turns: 838, Time: 00:02:24

Health: -2/24      AC:  3    Str: 12    XL:     2   Next: 44%
Magic:  3/3        EV: 11    Int: 13    God:    Lugonu [*.....]
Gold:   58         SH:  0    Dex: 12    Spells: 0 memorised, 1 level left

rFire  . . .     SeeInvis .     a - +1 falchion
rCold  . . .     Gourm    .     b - +0 leather armour
rNeg   . . .     Faith    .     (no shield)
rPois  .         Spirit   .     (no helmet)
rElec  .         Reflect  .     (no cloak)
rCorr  .         Harm     .     (no gloves)
MR     .....                    (no boots)
Stlth  +.........               (no amulet)
                                (no ring)
                                (no ring)

@: lethally poisoned (-2 -> -9)
A: hooves 1
a: Depart the Abyss, Renounce Religion


You were on level 2 of the Dungeon.
You worshipped Lugonu.
Lugonu was aware of your devotion.
You were not hungry.

You visited 1 branch of the dungeon, and saw 2 of its levels.
You visited the Abyss 1 time.

You collected 58 gold pieces.

Inventory:

Hand Weapons
 a - a +1 falchion (weapon)
Armour
 b - a +0 leather armour (worn)
Wands
 d - a wand of lightning (5/15)
Scrolls
 h - a scroll of random uselessness {unknown}
 j - a scroll of immolation {unknown}
 k - 3 scrolls of identify {unknown}
 m - a scroll of recharging {unknown}
 o - a scroll of fear {unknown}
 q - a scroll of fog {unknown}
Potions
 e - a potion of resistance {unknown}
 g - a potion of flight {unknown}
 i - 3 potions of curing {unknown}
 n - a potion of degeneration {unknown}
 r - a potion of magic {unknown}
 t - 2 potions of mutation {unknown}
Comestibles
 c - a bread ration
 f - a royal jelly
 l - a beef jerky
 p - a meat ration
 s - a chunk of flesh


   Skills:
 - Level 3.3 Fighting
 + Level 2.3 Long Blades
 - Level 1.8 Armour
 - Level 0.8 Dodging
 - Level 0.2 Stealth
 - Level 2.5 Invocations


You had one spell level left.
You didn't know any spells.

Dungeon Overview and Level Annotations

Branches:
Dungeon (2/15)

Altars:


Innate Abilities, Weirdness & Mutations

You have large cloven feet.


Message History

Evoking this partially-identified wand wasted a few charges.
You hear an angry hiss.
You hear a bark! x3
Evoke which item? (* to show all) (? for menu, Esc to quit)
Zapping:
d - a wand of lightning {zapped: 2} (will waste charges)
Press: ? - help, Shift-Dir - straight line You hear a mighty clap of thunder!
The bolt of lightning hits the adder.
The adder is heavily wounded.
Evoking this partially-identified wand wasted a few charges.
The adder bites you.
* * * LOW HITPOINT WARNING * * *
You are lethally poisoned!
The adder poisons you!
You miss the adder.
The adder is heavily wounded.
* * * LOW HITPOINT WARNING * * *
You feel sick. The adder bites you.
* * * LOW HITPOINT WARNING * * *
The adder bites you.
You die...

#..........# ###
#..........# ....
#..........# .....
#..........#####......
#..........(.........#
#########............#
#............#
###############......##+####
#..........@S.'......+
##.############......# #.#
#......# #.######## #......#
#........# ########
########.###############
#.....................#
#.#####.###...........# #.#
#...........#


You could see an adder.

Vanquished Creatures
  A bat (D:2)
  3 giant cockroaches
  2 goblins (D:1)
  2 hobgoblins (D:1)
  4 kobolds
  3 rats
15 creatures vanquished.

Vanquished Creatures (others)
  2 starspawn tentacles (Abyss:1)
2 creatures vanquished.

Grand Total: 17 creatures vanquished

Notes
Turn   | Place    | Note
-------+----------+-------------------------------------------
     0 | Abyss:1  | ponk the Demonspawn Abyssal Knight began the quest for the Orb.
     0 | Abyss:1  | Reached XP level 1. HP: 18/18 MP: 2/2
    69 | Abyss:1  | Noticed a tentacled starspawn
   144 | Abyss:2  | Noticed a thrashing horror
   149 | D:1      | Escaped the Abyss
   545 | D:1      | Gained mutation: You have large cloven feet. [demonic ancestry]
   545 | D:1      | Reached XP level 2. HP: 22/24 MP: 3/3
   573 | D:1      | Reached * piety under Lugonu
   838 | D:2      | Slain by an adder

Skill      XL: |  1  2 |
---------------+-------+-----
Long Blades    | 2 |  2.3
Fighting       | |  3.3
Armour         | |  1.8
Dodging        | |  0.8
Stealth        | |  0.2
Invocations    | |  2.5

Action                   || total
-------------------------++-------
Melee: Falchion          ||    43
       Kick              ||    12
Invok: Depart the Abyss  ||     1
Evoke: Wand              ||     2
Armor: Leather armour    ||     8
Dodge: Dodged            ||    34
       Rpst.: Falchion   ||    15
